3AAA
WICHITA OUTRIDERS @ WARWICK HUNCHBACKS
08/28/2018
 
TOP OF THE 1ST
Wichita Outriders batting - Pitching for Warwick Hunchbacks : RHP Willie Cameron
Pitching: RHP Willie Cameron
Batting: RHB Jorge Vázquez 0-0: Ball
1-0: Ball
2-0: Foul Ball, location: 2F
2-1: Ball
3-1: Base on Balls
Batting: LHB Jim Unknown 0-0: Called Strike
0-1: Ball
1-1: Ball
2-1: Foul Ball, location: 2F
2-2: SINGLE (Line Drive, 4)
Jorge Vázquez to second
Runner from 2nd tries for 3rd, SAFE, throw made to third
Batting: LHB Herman Gilliland 0-0: Called Strike
0-1: Ball
1-1: Swinging Strike
1-2: Fly out, F9 (Flyball, 89M)
Runner from 3rd tags up, SCORES, throw made
Batting: SHB Jim Unknown 0-0: Ball
1-0: Fly out, F4 (Popup, 4MD)
Batting: RHB Jim Unknown 0-0: Ground out 1-3 (Groundball, 15S)
Top of the 1st over - 1 run(s), 1 hit(s), 0 error(s), 1 left on base; Wichita 1 - Warwick 0
BOTTOM OF THE 1ST
Warwick Hunchbacks batting - Pitching for Wichita Outriders : RHP Jim Unknown
Pitching: RHP Jim Unknown
Batting: RHB Mike O'Brien 0-0: Ball
1-0: Ball
2-0: Ball
3-0: Called Strike
3-1: Base on Balls
Batting: RHB Jim Browning 0-0: Ball
1-0: Grounds into double play, 1-6-3 (Groundball, 15)
Batting: RHB Steve Brewer 0-0: Ball
1-0: Ball
2-0: Swinging Strike
2-1: SINGLE (Flyball, 8RS)
Batting: RHB Jesús Castro 0-0: Ball
1-0: SINGLE (Groundball, 56S)
Steve Brewer to second
Batting: RHB José Reyes 0-0: Called Strike
0-1: Ball
1-1: Foul Ball, location: 2F
1-2: Foul Ball, location: 2F
1-2: Strikes out swinging
Bottom of the 1st over - 0 run(s), 2 hit(s), 0 error(s), 2 left on base; Wichita 1 - Warwick 0
TOP OF THE 2ND
Wichita Outriders batting - Pitching for Warwick Hunchbacks : RHP Willie Cameron
Batting: RHB Christian O'Neal 0-0: Ball
1-0: Swinging Strike
1-1: Foul Ball, location: 2F
1-2: Ball
2-2: Foul Ball, location: 2F
2-2: Fly out, F8 (Flyball, 8LD)
Batting: RHB Jim Unknown 0-0: Ball
1-0: Ball
2-0: Foul Ball, location: 2F
2-1: Ball
3-1: Foul Ball, location: 2F
3-2: Fly out, F9 (Flyball, 9M)
Batting: RHB Jorge Rocha 0-0: Ground out 6-3 (Groundball, 6M)
Top of the 2nd over - 0 run(s), 0 hit(s), 0 error(s), 0 left on base; Wichita 1 - Warwick 0
BOTTOM OF THE 2ND
Warwick Hunchbacks batting - Pitching for Wichita Outriders : RHP Jim Unknown
Batting: LHB Ted Cracknell 0-0: Ball
1-0: Ball
2-0: Ball
3-0: Base on Balls
Batting: RHB John Huff 0-0: Ball
1-0: Called Strike
1-1: Ball
Wild Pitch!
Ted Cracknell to second
2-1: Called Strike
2-2: Ball
3-2: Base on Balls
Batting: RHB Julián Rocha 0-0: Ball
1-0: Ball
2-0: Foul Ball, location: 2F
2-1: Foul Ball, location: 2F
2-2: Strikes out swinging
Batting: SHB Vasco Paradela 0-0: Ball
1-0: Ball
2-0: Foul Ball, location: 2F
2-1: Ball
3-1: SINGLE (Line Drive, 6M)
Ted Cracknell to third
John Huff to second
Batting: RHB Mike O'Brien 0-0: Called Strike
0-1: Called Strike
0-2: Ball
1-2: Foul Ball, location: 2F
1-2: Ground out 5-3 (Groundball, 6)
Ted Cracknell scores
John Huff to third
Vasco Paradela to second
Batting: RHB Jim Browning 0-0: Fly out, F8 (Flyball, 8LM)
Bottom of the 2nd over - 1 run(s), 1 hit(s), 0 error(s), 2 left on base; Wichita 1 - Warwick 1
TOP OF THE 3RD
Wichita Outriders batting - Pitching for Warwick Hunchbacks : RHP Willie Cameron
Batting: LHB Jim Unknown 0-0: Ball
1-0: Ball
2-0: Called Strike
2-1: Foul Ball, location: 2F
2-2: Ball
3-2: Fly out, F6 (Popup, 6D)
Batting: RHB Jorge Vázquez 0-0: Fly out, F4 (Line Drive, 4M)
Batting: LHB Jim Unknown 0-0: Called Strike
0-1: Ball
1-1: Foul Ball, location: 2F
1-2: SINGLE (Flyball, 8LM)
Batting: LHB Herman Gilliland 0-0: Ball
1-0: Swinging Strike
1-1: Ball
2-1: Swinging Strike
2-2: Fly out, F8 (Line Drive, 8RM)
Top of the 3rd over - 0 run(s), 1 hit(s), 0 error(s), 1 left on base; Wichita 1 - Warwick 1
BOTTOM OF THE 3RD
Warwick Hunchbacks batting - Pitching for Wichita Outriders : RHP Jim Unknown
Batting: RHB Steve Brewer 0-0: Ball
1-0: Foul Ball, location: 2F
1-1: Foul Ball, location: 2F
1-2: Strikes out swinging
Batting: RHB Jesús Castro 0-0: Foul Ball, location: 2F
0-1: Swinging Strike
0-2: Ball
1-2: SINGLE (Line Drive, 7LS)
Batting: RHB José Reyes 0-0: Ball
1-0: Swinging Strike
1-1: Fly out, F3 (Popup, 3S)
Batting: LHB Ted Cracknell 0-0: Fly out, F2 (Popup, 25F)
Bottom of the 3rd over - 0 run(s), 1 hit(s), 0 error(s), 1 left on base; Wichita 1 - Warwick 1
TOP OF THE 4TH
Wichita Outriders batting - Pitching for Warwick Hunchbacks : RHP Willie Cameron
Batting: SHB Jim Unknown 0-0: Ball
1-0: Fly out, F8 (Flyball, 8LM)
Batting: RHB Jim Unknown 0-0: SINGLE (Line Drive, 89S)
Batting: RHB Christian O'Neal 0-0: Swinging Strike
0-1: Ball
1-1: Foul Ball, location: 2F
1-2: Foul Ball, location: 2F
1-2: Strikes out swinging
Batting: RHB Jim Unknown 0-0: Fielders Choice at 2nd, 5-4 (Groundball, 56)
Top of the 4th over - 0 run(s), 1 hit(s), 0 error(s), 0 left on base; Wichita 1 - Warwick 1
BOTTOM OF THE 4TH
Warwick Hunchbacks batting - Pitching for Wichita Outriders : RHP Jim Unknown
Batting: RHB John Huff 0-0: Ball
1-0: Called Strike
1-1: Fly out, F8 (Flyball, 8LM)
Batting: RHB Julián Rocha 0-0: Ball
1-0: Called Strike
1-1: Ball
2-1: Foul Ball, location: 2F
2-2: Ball
3-2: Base on Balls
Batting: SHB Vasco Paradela 0-0: Ball
1-0: Foul Ball, location: 2F
1-1: Swinging Strike
1-2: Ball
2-2: Ball
3-2: Strikes out swinging
Batting: RHB Mike O'Brien 0-0: Swinging Strike
0-1: Ball
1-1: Swinging Strike
1-2: Foul Ball, location: 2F
1-2: Ball
2-2: Ball
3-2: Base on Balls
Julián Rocha to second
Batting: RHB Jim Browning 0-0: Foul Ball, location: 2F
0-1: Ball
1-1: Called Strike
1-2: SINGLE (Groundball, 6MD)
Julián Rocha to third
Mike O'Brien to second
Runner from 3rd tries for Home, SAFE, throw made home
Mike O'Brien to third
Jim Browning to second
Batting: RHB Steve Brewer 0-0: Ball
1-0: Foul Ball, location: 2F
1-1: Ball
2-1: Ground out 6-3 (Groundball, 6MS)
Bottom of the 4th over - 1 run(s), 1 hit(s), 0 error(s), 2 left on base; Wichita 1 - Warwick 2
TOP OF THE 5TH
Wichita Outriders batting - Pitching for Warwick Hunchbacks : RHP Willie Cameron
Batting: RHB Jorge Rocha 0-0: Ball
1-0: Foul Ball, location: 2F
1-1: Ball
2-1: Foul Ball, location: 2F
2-2: Foul Ball, location: 2F
2-2: Ball
3-2: Foul Ball, location: 2F
3-2: Fly out, F7 (Line Drive, 78M)
Batting: LHB Jim Unknown 0-0: Called Strike
0-1: Called Strike
0-2: Ball
1-2: Foul Ball, location: 2F
1-2: Ball
2-2: Ball
3-2: Base on Balls
Batting: RHB Jorge Vázquez 0-0: Ball
1-0: Ball
2-0: SINGLE (Line Drive, 78S)
Jim Unknown to second
Batting: LHB Jim Unknown 0-0: Called Strike
0-1: Ball
1-1: Called Strike
1-2: Grounds into double play, 4-6-3 (Groundball, 4)
Top of the 5th over - 0 run(s), 1 hit(s), 0 error(s), 1 left on base; Wichita 1 - Warwick 2
BOTTOM OF THE 5TH
Warwick Hunchbacks batting - Pitching for Wichita Outriders : RHP Jim Unknown
Batting: RHB Jesús Castro 0-0: Called Strike
0-1: Ball
1-1: Swinging Strike
1-2: Ball
2-2: Strikes out swinging
Batting: RHB José Reyes 0-0: Called Strike
0-1: Ground out 1-3 (Groundball, 13S)
Batting: LHB Ted Cracknell 0-0: Ball
1-0: Ball
2-0: SINGLE (Line Drive, 5D)
Batting: RHB John Huff 0-0: Called Strike
0-1: Ball
1-1: Foul Ball, location: 2F
1-2: Ball
2-2: Strikes out looking
Bottom of the 5th over - 0 run(s), 1 hit(s), 0 error(s), 1 left on base; Wichita 1 - Warwick 2
TOP OF THE 6TH
Wichita Outriders batting - Pitching for Warwick Hunchbacks : RHP Willie Cameron
Batting: LHB Herman Gilliland 0-0: Ball
1-0: Called Strike
1-1: Ball
2-1: SINGLE (Line Drive, 34)
Batting: SHB Jim Unknown 0-0: Ball
1-0: Called Strike
1-1: Ball
2-1: Ball
3-1: Foul Ball, location: 2F
3-2: SINGLE (Groundball, 34D)
Herman Gilliland to second
Batting: RHB Jim Unknown 0-0: Called Strike
0-1: Ball
1-1: Foul Ball, location: 2F
1-2: Fly out, F8 (Flyball, 8LM)
Batting: RHB Christian O'Neal 0-0: Ball
1-0: SINGLE (Line Drive, 6MD)
Herman Gilliland to third
Jim Unknown to second
Batting: RHB Jim Unknown 0-0: SINGLE (Line Drive, 89S)
Herman Gilliland scores
Jim Unknown to third
Christian O'Neal to second
Runner from 3rd tries for Home, SAFE, throw made home
Batting: RHB Jorge Rocha 0-0: Ball
1-0: Called Strike
1-1: Swinging Strike
1-2: Grounds into double play, 6-4-3 (Groundball, 6M)
Top of the 6th over - 2 run(s), 4 hit(s), 0 error(s), 1 left on base; Wichita 3 - Warwick 2
BOTTOM OF THE 6TH
Warwick Hunchbacks batting - Pitching for Wichita Outriders : RHP Jim Unknown
Batting: RHB Julián Rocha 0-0: Ball
1-0: Swinging Strike
1-1: Called Strike
1-2: Foul Ball, location: 2F
1-2: Ball
2-2: Ground out 6-3 (Groundball, 6)
Batting: SHB Vasco Paradela 0-0: Called Strike
0-1: Ball
1-1: Called Strike
1-2: Strikes out looking
Batting: RHB Mike O'Brien 0-0: Ball
1-0: Fly out, F9 (Flyball, 9LM)
Bottom of the 6th over - 0 run(s), 0 hit(s), 0 error(s), 0 left on base; Wichita 3 - Warwick 2
TOP OF THE 7TH
Wichita Outriders batting - Pitching for Warwick Hunchbacks : RHP Willie Cameron
Batting: LHB Jim Unknown 0-0: Ball
1-0: Swinging Strike
1-1: Foul Ball, location: 2F
1-2: Strikes out swinging
Batting: RHB Jorge Vázquez 0-0: Called Strike
0-1: Called Strike
0-2: Ball
1-2: Ground out 6-3 (Groundball, 6D)
Batting: LHB Jim Unknown 0-0: Swinging Strike
0-1: Ball
1-1: Foul Ball, location: 2F
1-2: Ball
2-2: Strikes out looking
Top of the 7th over - 0 run(s), 0 hit(s), 0 error(s), 0 left on base; Wichita 3 - Warwick 2
BOTTOM OF THE 7TH
Warwick Hunchbacks batting - Pitching for Wichita Outriders : RHP Jim Unknown
Batting: RHB Jim Browning 0-0: Fly out, F4 (Popup, 4D)
Batting: RHB Steve Brewer 0-0: Fly out, F8 (Flyball, 8LS)
Batting: RHB Jesús Castro 0-0: Foul Ball, location: 2F
0-1: Called Strike
0-2: Ball
1-2: Fly out, F6 (Popup, 6D)
Bottom of the 7th over - 0 run(s), 0 hit(s), 0 error(s), 0 left on base; Wichita 3 - Warwick 2
TOP OF THE 8TH
Wichita Outriders batting - Pitching for Warwick Hunchbacks : RHP Willie Cameron
Batting: LHB Herman Gilliland 0-0: Fly out, F3 (Popup, 3SF)
Batting: SHB Jim Unknown 0-0: Fly out, F5 (Popup, 5L)
Batting: RHB Jim Unknown 0-0: Ball
1-0: Foul Ball, location: 2F
1-1: Ball
2-1: Ball
3-1: Foul Ball, location: 2F
3-2: Ground out 6-3 (Groundball, 6)
Top of the 8th over - 0 run(s), 0 hit(s), 0 error(s), 0 left on base; Wichita 3 - Warwick 2
BOTTOM OF THE 8TH
Warwick Hunchbacks batting - Pitching for Wichita Outriders : RHP Jim Unknown
Pitching: RHP Jim Unknown
Batting: RHB José Reyes 0-0: Ball
1-0: Ball
2-0: Called Strike
2-1: Ground out 6-3 (Groundball, 6)
Batting: LHB Ted Cracknell 0-0: Ball
1-0: Ball
2-0: Called Strike
2-1: Swinging Strike
2-2: Ground out 1-3 (Groundball, 13S)
Batting: RHB John Huff 0-0: Called Strike
0-1: Ground out 4-3 (Groundball, 34)
Bottom of the 8th over - 0 run(s), 0 hit(s), 0 error(s), 0 left on base; Wichita 3 - Warwick 2
TOP OF THE 9TH
Wichita Outriders batting - Pitching for Warwick Hunchbacks : RHP Willie Cameron
Pitching: RHP Joshua Barnes
Batting: RHB Christian O'Neal 0-0: Called Strike
0-1: Called Strike
0-2: SOLO HOME RUN (Flyball, 8LXD), Distance : 435 ft
Batting: RHB Jim Unknown 0-0: SINGLE (Flyball, 7S)
Batting: RHB Jorge Rocha 0-0: Called Strike
0-1: Foul Ball, location: 2F
0-2: Ball
1-2: Ball
2-2: Ball
3-2: Base on Balls
Jim Unknown to second
Batting: LHB Jim Unknown 0-0: Ball
1-0: Swinging Strike
1-1: Called Strike
1-2: Ball
2-2: Strikes out swinging
Pinch Hitting: LHB Aubrey Reese 0-0: Ball
1-0: Ball
2-0: Ball
3-0: Called Strike
3-1: Fly out, F5 (Popup, 5F)
Batting: LHB Jim Unknown 0-0: Called Strike
0-1: Ball
1-1: Fly out, F4 (Popup, 34)
Top of the 9th over - 1 run(s), 2 hit(s), 0 error(s), 2 left on base; Wichita 4 - Warwick 2
BOTTOM OF THE 9TH
Warwick Hunchbacks batting - Pitching for Wichita Outriders : RHP Jim Unknown
Now in CF: Aubrey Reese
Batting: RHB Julián Rocha 0-0: Foul Ball, location: 2F
0-1: Called Strike
0-2: SINGLE (Line Drive, 7S)
Batting: SHB Vasco Paradela 0-0: Called Strike
0-1: Ball
1-1: Ball
2-1: Foul Ball, location: 2F
2-2: Strikes out swinging
Pinch Hitting: RHB Juan Sánchez 0-0: Called Strike
0-1: TRIPLE (Line Drive, 3L)
Julián Rocha scores
Batting: RHB Jim Browning 0-0: Called Strike
0-1: Ball
1-1: Fly out, F8 (Flyball, 8LXD)
Runner from 3rd tags up, SCORES, no throw
Pitching: LHP Jim Unknown
Batting: RHB Steve Brewer 0-0: Foul Ball, location: 2F
0-1: SINGLE (Line Drive, 78S)
Batting: RHB Jesús Castro 0-0: Called Strike
0-1: Ball
1-1: Ground out 3-1 (Groundball, 34)
Bottom of the 9th over - 2 run(s), 3 hit(s), 0 error(s), 1 left on base; Wichita 4 - Warwick 4
TOP OF THE 10TH
Wichita Outriders batting - Pitching for Warwick Hunchbacks : RHP Joshua Barnes
Now at 1B: Juan Sánchez
Batting: LHB Herman Gilliland 0-0: Called Strike
0-1: Ball
1-1: Called Strike
1-2: SINGLE (Line Drive, 4MD)
Batting: SHB Jim Unknown 0-0: Ball
1-0: Ball
2-0: Called Strike
2-1: Foul Ball, location: 2F
2-2: Foul Ball, location: 2F
2-2: Foul Ball, location: 2F
2-2: Grounds into double play, 4-6-3 (Groundball, 34)
Batting: RHB Jim Unknown 0-0: Ground out 4-3 (Groundball, 4M)
Top of the 10th over - 0 run(s), 1 hit(s), 0 error(s), 0 left on base; Wichita 4 - Warwick 4
BOTTOM OF THE 10TH
Warwick Hunchbacks batting - Pitching for Wichita Outriders : LHP Jim Unknown
Batting: RHB José Reyes 0-0: Called Strike
0-1: Foul Ball, location: 2F
0-2: Ball
1-2: Ball
2-2: Ball
3-2: Fly out, F7 (Flyball, 7S)
Pinch Hitting: RHB Freddy Scott 0-0: Ball
1-0: Called Strike
1-1: Ball
2-1: Ball
3-1: Swinging Strike
3-2: Strikes out swinging
Batting: RHB John Huff 0-0: SINGLE (Groundball, 6MD)
Batting: RHB Julián Rocha 0-0: Ball
1-0: Foul Ball, location: 2F
1-1: Ball
2-1: Ball
3-1: Foul Ball, location: 2F
3-2: Foul Ball, location: 2F
3-2: Ground out 6-3 (Groundball, 6M)
Bottom of the 10th over - 0 run(s), 1 hit(s), 0 error(s), 1 left on base; Wichita 4 - Warwick 4
TOP OF THE 11TH
Wichita Outriders batting - Pitching for Warwick Hunchbacks : RHP Joshua Barnes
Pitching: LHP Rocky Russell
Now in CF: Luis Robles
Batting: RHB Christian O'Neal 0-0: Hit by Pitch
Batting: RHB Jim Unknown 0-0: Sac Bunt - play at first, batter OUT! 1-4
Christian O'Neal to second
Batting: RHB Jorge Rocha 0-0: Intentional Walk
Pinch Runner at 2nd Ron Humboldt:
Batting: LHB Jim Unknown 0-0: Called Strike
0-1: Ball
1-1: Foul Ball, location: 2F
1-2: Ground out 4-3 (Groundball, 4M)
Ron Humboldt to third
Jorge Rocha to second
Batting: LHB Aubrey Reese 0-0: Ball
1-0: Foul Ball, location: 2F
1-1: Ball
2-1: Foul Ball, location: 2F
2-2: Ball
3-2: Strikes out swinging
Top of the 11th over - 0 run(s), 0 hit(s), 0 error(s), 2 left on base; Wichita 4 - Warwick 4
BOTTOM OF THE 11TH
Warwick Hunchbacks batting - Pitching for Wichita Outriders : LHP Jim Unknown
Now in RF: Ron Humboldt
Batting: SHB Vasco Paradela 0-0: Called Strike
0-1: Ball
1-1: Ground out 1-3 (Groundball, 15)
Batting: RHB Juan Sánchez 0-0: Called Strike
0-1: Called Strike
0-2: Strikes out swinging
Batting: RHB Jim Browning 0-0: Fly out, F4 (Popup, 8RS)
Bottom of the 11th over - 0 run(s), 0 hit(s), 0 error(s), 0 left on base; Wichita 4 - Warwick 4
TOP OF THE 12TH
Wichita Outriders batting - Pitching for Warwick Hunchbacks : LHP Rocky Russell
Batting: LHB Jim Unknown 0-0: Ground out 6-3 (Groundball, 6M)
Batting: LHB Herman Gilliland 0-0: Ball
1-0: Foul Ball, location: 2F
1-1: Ball
2-1: Ground out 4-3 (Groundball, 34)
Batting: SHB Jim Unknown 0-0: Ball
1-0: Called Strike
1-1: Swinging Strike
1-2: Strikes out swinging
Top of the 12th over - 0 run(s), 0 hit(s), 0 error(s), 0 left on base; Wichita 4 - Warwick 4
BOTTOM OF THE 12TH
Warwick Hunchbacks batting - Pitching for Wichita Outriders : LHP Jim Unknown
Batting: RHB Steve Brewer 0-0: Called Strike
0-1: Foul Ball, location: 2F
0-2: Ball
1-2: Fly out, F9 (Flyball, 9D)
Batting: RHB Jesús Castro 0-0: Called Strike
0-1: Ground out 5-3 (Groundball, 56)
Batting: RHB José Reyes 0-0: Foul Ball, location: 2F
0-1: Ball
1-1: Foul Ball, location: 2F
1-2: Ball
2-2: Ground out 1-3 (Groundball, 25)
Bottom of the 12th over - 0 run(s), 0 hit(s), 0 error(s), 0 left on base; Wichita 4 - Warwick 4
TOP OF THE 13TH
Wichita Outriders batting - Pitching for Warwick Hunchbacks : LHP Rocky Russell
Batting: RHB Jim Unknown 0-0: Ball
1-0: Fly out, F7 (Line Drive, 7LM)
Batting: RHB Ron Humboldt 0-0: Foul Ball, location: 2F
0-1: Ball
1-1: Swinging Strike
1-2: Ball
2-2: SINGLE (Groundball, 34D)
Batting: RHB Jim Unknown 0-0: Ball
Pickoff Throw to First - Out!
1-0: Ball
2-0: Called Strike
2-1: Foul Ball, location: 2F
2-2: Foul Ball, location: 2F
2-2: Foul Ball, location: 2F
2-2: Fly out, F8 (Flyball, 8RS)
Top of the 13th over - 0 run(s), 1 hit(s), 0 error(s), 0 left on base; Wichita 4 - Warwick 4
BOTTOM OF THE 13TH
Warwick Hunchbacks batting - Pitching for Wichita Outriders : LHP Jim Unknown
Pinch Hitting: RHB Edwin McClung 0-0: Ball
1-0: SINGLE (Groundball, 23) (infield hit)
Batting: RHB John Huff 0-0: Ball
1-0: Ball
2-0: Ball
3-0: Base on Balls
Edwin McClung to second
Pinch Runner at 2nd Tony Nichols:
Batting: RHB Julián Rocha 0-0: Ball
1-0: Fly out, F7 (Line Drive, 78M)
Batting: SHB Vasco Paradela 0-0: Ball
1-0: Ball
2-0: Called Strike
2-1: Ball
3-1: Foul Ball, location: 2F
3-2: Fly out, F9 (Popup, 9LS)
Batting: RHB Juan Sánchez 0-0: Ball
1-0: Swinging Strike
1-1: Called Strike
1-2: Foul Ball, location: 2F
1-2: Ball
2-2: Ball
3-2: SINGLE (Flyball, 9LS)
Tony Nichols to third
John Huff to second
Tony Nichols scores
This league is powered by Out of the Park Baseball, the baseball management simulation game for PC, Mac and Linux
Monday, May 4th, 2015 - OOTP Baseball 15.6 Build 34